AoeStats
← AiM | Facu1414

Fortress

507646126Analyzed
4v4 RM · 12d ago on Sep 19, 2026· 37m 31s· 8 players
Game mode
Random Map
Map size
Huge
Population
200
Speed
Normal
Resources
Standard
Victory
Conquest
Starting age
Dark Age
Ending age
Imperial Age
RankedLock teamsTeams togetherTeam positionsShared explorationLock speedFull tech treeHidden civsTurbo modeCheats
Victory
Defeat
🇦🇷 Burgundians · Argentina
1601
+14
🇲🇽 Italians · Mexico
1527
+17
🇲🇽 Bengalis · Mexico
1523
+17
🇦🇷 Khmer · Argentina
1499
+18
🇦🇷 Dravidians · Argentina
1649
-21
🇲🇽 Bengalis · Mexico
1525
-16
🇦🇷 Poles · Argentina
1506
-15
🇨🇳 Jurchens · China
1483
-14
_BeTo_
7:10 Feudal Age
10:49 Castle Age
9:03 Horse Collar
9:33 Double-Bit Axe
14:30 Bow Saw
23:33 Imperial Age
21:34 Fletching
22:00 Heavy Plow
22:04 Loom
22:06 Town Watch
22:24 Bodkin Arrow
23:07 Gold Mining
24:02 Wheelbarrow
23:43 Padded Archer Armor
24:16 Bracer
25:55 Leather Archer Armor
25:54 Bloodlines
26:00 Husbandry
26:27 Ballistics
27:07 Paiks
28:01 Ring Archer Armor
28:09 Hand Cart
29:20 Chemistry
30:41 Conscription
30:05 Crossbowman
30:16 Elite Skirmisher
32:35 Two-Man Saw
31:23 Elite Elephant Archer
NorthOrigin
7:28 Feudal Age
8:43 Double-Bit Axe
11:08 Castle Age
9:55 Horse Collar
13:07 Bow Saw
19:42 Gold Mining
20:47 Wheelbarrow
21:05 Loom
24:34 Imperial Age
23:07 Gold Shaft Mining
22:22 Stone Mining
23:17 Scale Barding Armor
23:23 Bloodlines
23:14 Husbandry
23:10 Stone Mining
23:48 Heavy Plow
24:29 Chain Barding Armor
24:19 Forging
24:14 Husbandry
24:53 Fortified Wall
25:12 Forging
25:39 Conscription
25:57 Plate Barding Armor
26:14 Masonry
26:06 Elite Iron Pagoda
27:28 Iron Casting
27:16 Treadmill Crane
28:33 Stone Shaft Mining
28:35 Hand Cart
29:24 Chemistry
28:44 Ballistics
28:33 Siege Engineers
30:16 Blast Furnace
31:59 Architecture
31:25 Murder Holes
31:22 Fletching
33:08 Murder Holes
33:04 Guard Tower
32:59 Arrowslits
34:22 Bodkin Arrow
35:06 Keep
35:22 Fortified Bastions
36:07 Bracer
DS_Moai
7:45 Feudal Age
11:45 Castle Age
9:48 Horse Collar
10:06 Double-Bit Axe
14:27 Bow Saw
15:19 Heavy Plow
19:25 Wheelbarrow
19:08 Gold Mining
19:36 Stone Mining
20:19 Town Watch
25:45 Imperial Age
23:02 Loom
24:23 Thumb Ring
24:35 Fletching
25:31 Hand Cart
25:24 Husbandry
25:33 Bodkin Arrow
26:40 Bracer
27:16 Ballistics
28:50 Chemistry
28:06 Padded Archer Armor
29:17 Scale Mail Armor
29:00 Pikeman
29:40 Squires
29:17 Elite Elephant Archer
31:08 Chain Mail Armor
30:18 Halberdier
31:30 Conscription
32:26 Plate Mail Armor
34:00 Forging
36:00 Elite Skirmisher
36:57 Leather Archer Armor
Cono | Watters
7:48 Feudal Age
11:44 Castle Age
10:50 Double-Bit Axe
13:03 Horse Collar
14:28 Bow Saw
16:22 Gold Mining
17:50 Wheelbarrow
18:25 Scale Barding Armor
18:42 Heavy Plow
21:33 Husbandry
21:44 Bloodlines
22:01 Chain Barding Armor
24:16 Imperial Age
21:46 Loom
24:31 Imperial Age
22:23 Forging
23:14 Szlachta Privileges
23:26 Stone Mining
24:55 Town Watch
26:14 Iron Casting
25:04 Cavalier
26:36 Hand Cart
28:22 Blast Furnace
27:07 Treadmill Crane
30:29 Chemistry
30:04 Conscription
37:17 Fletching
AiM | Fubuki Sinri
7:11 Feudal Age
8:43 Double-Bit Axe
11:17 Castle Age
10:53 Horse Collar
12:27 Fletching
13:44 Loom
16:00 Bow Saw
15:45 Gold Mining
17:30 Wheelbarrow
19:46 Imperial Age
17:56 Bodkin Arrow
20:40 Bracer
22:11 Padded Archer Armor
23:18 Heavy Plow
25:25 Chemistry
26:11 Ballistics
27:22 Wheelbarrow
27:34 Leather Archer Armor
31:00 Elite Genoese Crossbowman
32:01 Stone Mining
33:39 Ring Archer Armor
33:43 Conscription
33:34 Town Watch
ZEK000
7:30 Feudal Age
11:35 Castle Age
9:52 Double-Bit Axe
10:13 Horse Collar
14:13 Bow Saw
14:16 Loom
20:10 Heavy Plow
21:06 Wheelbarrow
20:58 Gold Mining
24:34 Imperial Age
22:27 Fletching
22:37 Padded Archer Armor
23:24 Bodkin Arrow
25:11 Gold Shaft Mining
24:44 Town Watch
25:26 Leather Archer Armor
25:38 Ballistics
25:37 Bracer
28:32 Chemistry
35:21 Elite Elephant Archer
37:15 Hand Cart
AIM | Agua cate 98
2:37 Double-Bit Axe
3:17 Horse Collar
9:31 Feudal Age
8:26 Loom
13:21 Castle Age
11:39 Gold Mining
11:56 Stone Mining
14:18 Bow Saw
15:50 Heavy Plow
16:41 Wheelbarrow
20:15 Burgundian Vineyards
26:08 Imperial Age
24:21 Husbandry
25:01 Scale Barding Armor
25:08 Forging
26:33 Chain Barding Armor
27:09 Elite Coustillier
28:48 Iron Casting
29:04 Conscription
31:28 Hand Cart
31:51 Plate Barding Armor
32:17 Blast Furnace
31:00 Capped Ram
35:45 Town Watch
35:26 Light Cavalry
AiM | Facu1414
6:43 Feudal Age
7:31 Loom
10:17 Castle Age
8:30 Double-Bit Axe
9:52 Horse Collar
12:44 Bow Saw
14:14 Heavy Plow
15:30 Wheelbarrow
18:38 Gold Mining
19:26 Hand Cart
19:59 Town Watch
22:57 Gold Shaft Mining
25:50 Imperial Age
24:04 Bloodlines
23:54 Husbandry
24:33 Scale Barding Armor
24:38 Forging
24:57 Tusk Swords
26:17 Chain Barding Armor
26:12 Elite Battle Elephant
27:36 Iron Casting
27:56 Plate Barding Armor
27:25 Stone Mining
28:07 Crop Rotation
28:32 Town Patrol
30:18 Blast Furnace
29:59 Capped Ram
31:41 Siege Ram
35:22 Caravan
Connection lost

Rejoining the realm…

Still unreachable

The connection could not be restored.

Session expired

The server has moved on; the page needs a fresh start.